Map: Inside and Out

Players

RagnaroK (SHIN) - Winner!

  • Race: Zerg Zerg
  • Spawn Location: 7:00

Lambo

  • Race: Zerg Zerg
  • Spawn Location: 1:00

VOD

Have the link to the VOD?

Description

Time

  • Played on: Oct. 23, 2022, 9:44 p.m.
  • Length: 7:59
Show
View Real Time Build Order
Export as new Build Order

RagnaroK Zerg - Winner!

Build Orders: Pool First 

Get SALT Encoding   

  12  0:00  Drone  
  13  0:08  Drone  
  14  0:16  Overlord  
  14  0:34  Drone x2  
  16  0:39  Spawning Pool  
  15  0:43  Drone  
  15  0:47  Drone  
  17  1:07  Hatchery  
  17  1:10  Drone  
  17  1:13  Drone  
  17  1:16  Extractor  
  17  1:26  Zergling x2  
  17  1:28  Queen  
  20  1:33  Zergling x2  
  22  1:42  Zergling x2, Spine Crawler  
  22  1:46  Extractor  
  21  1:51  Zergling x2  
  23  2:10  Overlord  
  23  2:19  Drone x2  
  25  2:24  Zergling x2  
  25  2:25  Queen  
  25  2:28  Queen  
  29  2:30  Drone  
  29  2:33  Drone  
  29  2:36  Drone  
  32  2:37  Drone  
  32  2:38  Drone  
  32  2:42  Drone  
  35  2:51  Drone  
  35  2:54  Overlord  
  36  2:58  Overlord  
  36  3:10  Metabolic Boost  
  35  3:13  Drone x3  
  35  3:17  Evolution Chamber  
  37  3:20  Drone  
  37  3:23  Drone  
  39  3:28  Drone  
  39  3:33  Drone x3  
  43  3:36  Drone  
  44  3:41  Overlord  
  44  3:43  Overlord  
  44  3:53  Hatchery  
  43  3:58  Zergling x6  
  43  4:02  Zergling x4  
  48  4:06  Overlord  
  48  4:10  Zerg Ground Armor Level 1  
  48  4:13  Zergling x4  
  50  4:17  Zergling x2  
  50  4:18  Zergling x2  
  50  4:21  Zergling x2  
  53  4:26  Zergling x2  
  54  4:31  Zergling x6  
  54  4:32  Roach Warren  
  54  4:36  Zergling x6  
  59  4:42  Zergling x4  
  59  4:45  Drone  
  60  4:50  Drone  
  58  4:56  Extractor  
  58  4:57  Drone  
  58  4:59  Drone x2  
  58  5:01  Drone x2  
  58  5:04  Drone  
  56  5:07  Drone x3  
  56  5:13  Roach x2  
  61  5:17  Roach  
  61  5:18  Roach  
  59  5:23  Roach  
  59  5:26  Roach  
  59  5:28  Roach, Extractor  
  62  5:33  Roach x2, Overlord  
  65  5:37  Overlord  
  65  5:38  Roach  
  65  5:41  Roach, Overlord  
  65  5:42  Zergling x6  
  72  5:45  Zergling x2  
  72  5:47  Zergling x2  
  72  5:48  Zergling x2  
  75  5:51  Zergling x2  
  76  5:58  Zergling x4  
  76  6:02  Zergling x2, Overlord  
  79  6:06  Zergling x4  
  79  6:08  Zergling x2  
  79  6:10  Zergling x2  
  79  6:11  Zergling x2  
  84  6:12  Zergling x2  
  84  6:15  Overlord  
  84  6:18  Ravager x3  
  88  6:20  Zergling x8  
  88  6:24  Ravager  
  88  6:25  Zergling x2  
  94  6:29  Zergling x2  
  94  6:30  Zergling x2  
  96  6:33  Zergling x2  
  96  6:35  Zergling x2  
  96  6:36  Zergling x4  
  96  6:38  Zergling x2  
  101  6:41  Lair  
  101  6:42  Zergling x2  
  101  6:44  Zergling x2  
  103  6:49  Zergling x2  
  101  6:57  Zergling x4  
  101  6:58  Zergling x8  
  101  6:59  Zergling x2  
  101  7:00  Zergling x2  
  105  7:07  Zergling x10  
  104  7:11  Zergling x2  
  96  7:16  Zergling x2  
  96  7:18  Zergling x2  
  93  7:23  Zergling x10  
  93  7:25  Zergling x2  
  93  7:29  Drone x2  
  91  7:34  Drone  
  90  7:42  Drone  
  85  7:45  Drone x2  
  85  7:47  Spore Crawler  
Show
View Real Time Build Order
Export as new Build Order

Lambo Zerg 

Build Orders: Pool First 

Get SALT Encoding   

  12  0:17  Spawning Pool  
  11  0:22  Drone  
  11  0:25  Drone  
  13  0:30  Drone  
  14  0:40  Overlord  
  14  1:03  Zergling x4  
  16  1:05  Zergling x2  
  17  1:15  Zergling x2  
  17  1:18  Hatchery  
  17  1:26  Zergling x2  
  17  1:32  Queen  
  20  1:37  Drone  
  21  1:48  Overlord  
  21  2:00  Drone  
  22  2:07  Queen  
  24  2:11  Drone  
  25  2:22  Drone  
  26  2:30  Drone  
  26  2:31  Drone  
  26  2:33  Queen  
  30  2:43  Drone x2  
  32  2:44  Overlord  
  32  2:45  Drone  
  33  2:52  Drone  
  36  3:03  Overlord  
  36  3:04  Drone  
  37  3:09  Drone  
  38  3:13  Drone  
  38  3:14  Drone  
  38  3:15  Drone x2  
  38  3:16  Drone  
  44  3:20  Drone x3  
  43  3:28  Drone  
  43  3:31  Drone  
  43  3:32  Extractor  
  43  3:33  Extractor  
  43  3:35  Drone  
  44  3:42  Drone  
  44  3:47  Drone x3  
  48  3:50  Extractor  
  48  3:51  Drone  
  48  3:53  Drone  
  49  3:58  Drone x2  
  49  4:00  Evolution Chamber  
  49  4:01  Drone  
  51  4:07  Roach Warren, Overlord  
  51  4:08  Drone  
  51  4:12  Hatchery  
  51  4:15  Drone  
  51  4:18  Drone  
  51  4:20  Lair  
  52  4:25  Drone x3  
  52  4:29  Drone  
  52  4:30  Drone x2  
  52  4:31  Overlord  
  57  4:36  Evolution Chamber  
  57  4:42  Overlord  
  57  4:43  Overlord  
  57  4:50  Zergling x4  
  59  4:52  Evolution Chamber  
  59  4:54  Zergling x2  
  59  4:55  Overlord x2  
  59  5:02  Roach x5  
  65  5:10  Roach  
  63  5:15  Roach  
  56  5:22  Drone  
  56  5:23  Queen x2  
  56  5:24  Glial Reconstitution  
  59  5:32  Spire  
  59  5:34  Drone  
  59  5:39  Extractor  
  59  5:40  Drone x2  
  60  5:45  Drone x2  
  60  5:47  Zerg Missile Weapons Level 1  
  62  5:58  Hatchery  
  62  6:02  Overlord  
  61  6:06  Overlord  
  61  6:11  Roach x2, Evolution Chamber  
  64  6:14  Roach  
  64  6:17  Drone  
  68  6:26  Roach  
  68  6:28  Roach  
  68  6:32  Roach x5  
  82  6:34  Roach  
  82  6:38  Spine Crawler  
  82  6:39  Roach  
  85  6:43  Roach  
  87  6:48  Roach  
  87  6:59  Roach x2  
  87  7:00  Ravager  
  80  7:04  Mutalisk  
  80  7:05  Mutalisk x3  
  76  7:13  Roach x4  
  74  7:23  Roach  
  53  7:32  Roach  
Tags
 
Add a new tag
Caveats
  • Supply blocks, unpowered buildings, or Contaminate may cause inaccurate times.
  • Supply counts are checked every 10 seconds.